 Dungeon Crawl Stone Soup version 0.27-a0-661-gca034ae587 (webtiles) character file.

Game seed: 17081654627428399130

2716 arembeh the Carver (level 9, -6/75 HPs)
             Began as a Minotaur Gladiator on Mar 17, 2021.
             Was an Initiate of Ashenzari.
             Mangled by a two-headed ogre
             ... wielding a +0 giant club
              (18 damage)
             ... on level 7 of the Dungeon.
             The game lasted 00:45:00 (7350 turns).

arembeh the Carver (Minotaur Gladiator)             Turns: 7350, Time: 00:45:01

Health: -6/75      AC: 15    Str: 28    XL:     9   Next: 39%
Magic:  8/8        EV:  8    Int:  5    God:    Ashenzari [......]
Gold:   260        SH:  3    Dex: 12    Spells: 8/8 levels left

rFire    . . .     SeeInvis .   K - +2 long sword (elec)
rCold    . . .     Faith    .   b - +0 buckler
rNeg     . . .     Spirit   .   j - +1 plate armour
rPois    .         Reflect  .   c - +0 hat
rElec    .         Harm     .   (no cloak)
rCorr    .         Rampage  .   E - +0 pair of gloves
Will     .....                  (no boots)
Stlth    ..........             (no amulet)
HPRegen  0.22/turn              l - +6 ring of strength
MPRegen  0.11/turn              (no ring)

@: no status effects
A: horns 2, retaliatory headbutt
a: Renounce Religion, Curse Item


You were on level 7 of the Dungeon.
You worshipped Ashenzari.
Ashenzari was noncommittal.
You visited 1 branch of the dungeon, and saw 7 of its levels.
You also visited: Sewer.

You collected 362 gold pieces.
You spent 102 gold pieces at shops.

Inventory:

Hand Weapons
 a - a +3 long sword
 i - a +3 spear
 q - a +3 flail of protection
 D - a +1 flail of protection
 K - a +2 long sword of electrocution (weapon)
Missiles
 d - 3 throwing nets (quivered)
 k - 163 arrows
 H - 2 boomerangs
Armour
 b - a +0 buckler (worn)
 c - a +0 hat (worn)
 h - a scarf of invisibility
 j - a +1 plate armour (worn)
 z - a +0 cloak of poison resistance
 E - a +0 pair of gloves (worn)
Magical Staves
 J - a staff of air
Jewellery
 g - a ring of fire
 l - a +6 ring of strength (right hand)
 n - an amulet of magic regeneration
Wands
 N - a wand of random effects (18)
Scrolls
 f - 7 scrolls of teleportation
 r - 4 scrolls of amnesia
 s - 2 scrolls of fog
 t - 4 scrolls of identify
 w - 5 scrolls of magic mapping
 C - a scroll of blinking
 G - 3 scrolls of fear
Potions
 e - 2 potions of curing
 m - 2 potions of magic
 p - 5 potions of might
 x - 2 potions of attraction
 A - 8 potions of heal wounds
 B - a potion of resistance
 L - 2 potions of haste
 M - a potion of flight


   Skills:
 + Level 5.7 Fighting
 * Level 12.0 Long Blades
 + Level 2.3 Throwing
 + Level 7.1 Armour
 + Level 4.5 Dodging
 + Level 1.0 Stealth


You had 8 spell levels left.
You didn't know any spells.
Your spell library contained the following spells:

 Spells                   Type           Power      Damage    Failure   Level
 Confusing Touch          Hex            0%         N/A       100%        3
 Gell's Gravitas          Tloc           0%         N/A       100%        3
 Petrify                  Tmut/Erth      0%         N/A       100%        4
 Metabolic Englaciation   Hex/Ice        0%         N/A       100%        5
 Yara's Violent Unravell  Hex/Tmut       0%         3d3       100%        5


Dungeon Overview and Level Annotations

Branches:
Dungeon (7/15)              Sewer (visited)
 Temple: D:4-7

Altars:
Ashenzari
Hepliaklqana
Ru
Wu Jian
Xom

Shops:
D:4 *

Annotations:
D:7 Prince Ribbit


Innate Abilities, Weirdness & Mutations

You have a pair of horns on your head.
You reflexively headbutt those who attack you in melee.


Message History

Prince Ribbit is heavily wounded.
Prince Ribbit hits you.
The two-headed ogre hits you with a +0 giant club.
* * * LOW HITPOINT WARNING * * *
The two-headed ogre hits you with a +0 dire flail.
* * * LOW HITPOINT WARNING * * *
Prince Ribbit closely misses you.
You riposte.
You slash Prince Ribbit!
Prince Ribbit is severely wounded.
Prince Ribbit blinks!
Prince Ribbit blinks!
Prince Ribbit casts a spell.
Prince Ribbit looks slightly unstable.
You feel much better.
Prince Ribbit disappears!
The two-headed ogre hits you with a +0 giant club.
You block the two-headed ogre's attack.
You slash the two-headed ogre!
The two-headed ogre is moderately wounded.
The two-headed ogre hits you with a +0 giant club.
The two-headed ogre closely misses you.
You barely miss the two-headed ogre.
The two-headed ogre is moderately wounded.
The two-headed ogre completely misses you. x2
You hit the two-headed ogre but do no damage.
Your headbutt misses the two-headed ogre.
The two-headed ogre is moderately wounded.
The two-headed ogre hits you with a +0 giant club!!
The two-headed ogre hits you with a +0 dire flail!
* * * LOW HITPOINT WARNING * * *
You slash the two-headed ogre!
The two-headed ogre is heavily wounded.
The two-headed ogre hits you with a +0 giant club!
* * * LOW HITPOINT WARNING * * *
The two-headed ogre completely misses you.
You block the two-headed ogre's attack. The two-headed ogre barely misses you.
You feel much better. You block the two-headed ogre's attack.
The two-headed ogre hits you with a +0 dire flail!
* * * LOW HITPOINT WARNING * * *
The two-headed ogre hits you with a +0 giant club!!
You die...

..............#
.#.....?......####
...##.####.......## ..
## #.##.....## #
#.#.......#######
#.#............†#
#.#.......#####)#
########........## ###[#
.......@O......## #.<..
#######.................
#....<..######....
#.......# #.#.#
###......# ....#
..PPPP..# .###/#
#P.#P.#..##. #..
≈≈≈≈≈≈≈≈.#. #..


You could see a two-headed ogre.

Vanquished Creatures
  A troll (D:6)
  Grinder (D:3)
  Sigmund (D:3)
  A sky beast (D:5)
  A necrophage (D:5)
  An ice beast (D:5)
  2 centaurs (D:6)
  3 ogres
  2 phantoms (D:4)
  3 bullfrogs
  A scorpion (D:4)
  2 wights (D:7)
  2 howler monkeys
  2 hounds
  A jelly (D:6)
  2 orc priests
  Crazy Yiuf (D:3)
  An iguana (D:6)
  5 worker ants
  6 orc wizards
  A hound skeleton (D:4)
  Robin (D:3)
  4 gnolls (D:2)
  14 adders
  7 river rats (Sewer)
  A shadow imp (D:6)
  A white imp (D:4)
  An adder skeleton (D:4)
  An adder zombie (D:6)
  4 worms
  3 dart slugs
  7 leopard geckos
  19 orcs
  9 bats
  5 giant cockroaches
  9 goblins
  7 hobgoblins
  17 jackals
  4 kobolds
  2 quokkas
  9 ball pythons
  12 frilled lizards
  A leopard gecko skeleton (D:4)
  A quokka skeleton (D:4)
  24 rats
203 creatures vanquished.

Vanquished Creatures (others)
  5 fungi (D:3)
  23 plants
28 creatures vanquished.

Grand Total: 231 creatures vanquished

Notes
Turn   | Place    | Note
-------+----------+-------------------------------------------
     0 | D:1      | arembeh the Minotaur Gladiator began the quest for the Orb.
     0 | D:1      | Reached XP level 1. HP: 18/18 MP: 0/0
   190 | D:1      | Reached skill level 4 in Long Blades
   194 | D:1      | Reached XP level 2. HP: 23/25 MP: 1/1
  1029 | D:2      | Reached XP level 3. HP: 29/30 MP: 2/2
  1176 | D:2      | Reached skill level 1 in Armour
  1187 | D:2      | Reached XP level 4. HP: 11/37 MP: 3/3
  2292 | D:3      | Reached skill level 5 in Long Blades
  2377 | D:3      | Noticed Robin
  2387 | D:2      | Reached XP level 5. HP: 35/42 MP: 4/4
  2527 | D:3      | Killed Robin
  2744 | D:3      | Found a sacrificial altar of Ru.
  2893 | D:3      | Found a faded altar of an unknown god.
  2894 | D:3      | Noticed Grinder
  2916 | D:3      | Killed Grinder
  2917 | D:3      | Reached skill level 6 in Long Blades
  2917 | D:3      | Reached XP level 6. HP: 22/51 MP: 5/5
  3092 | D:3      | Became a worshipper of Ashenzari the Shackled
  3266 | D:3      | Noticed Sigmund
  3278 | D:3      | Killed Sigmund
  3279 | D:3      | Reached XP level 7. HP: 36/57 MP: 6/6
  3458 | D:3      | Found a runed translucent door.
  3459 | D:3      | Noticed Crazy Yiuf
  3465 | D:3      | Killed Crazy Yiuf
  3466 | D:3      | Reached skill level 7 in Long Blades
  3805 | D:4      | Found a hazy altar of Hepliaklqana.
  3930 | D:4      | Reached skill level 5 in Armour
  3979 | D:4      | Reached skill level 8 in Long Blades
  4257 | D:4      | Reached XP level 8. HP: 58/66 MP: 7/7
  4334 | D:4      | Reached skill level 9 in Long Blades
  4668 | D:4      | Found Jige's General Store.
  4673 | D:4      | Bought a potion of heal wounds for 60 gold pieces
  4673 | D:4      | Bought a scroll of magic mapping for 42 gold pieces
  4718 | D:4      | Found a shimmering altar of Xom.
  5057 | D:5      | Entered Level 5 of the Dungeon
  5119 | D:5      | Reached skill level 10 in Long Blades
  5803 | D:6      | Reached skill level 1 in Stealth
  5815 | D:6      | Noticed a troll
  5823 | D:6      | Killed a troll
  5824 | D:6      | Reached skill level 11 in Long Blades
  6039 | D:6      | Found an ornate altar of the Wu Jian Council.
  6059 | D:6      | Reached XP level 9. HP: 73/73 MP: 8/8
  6133 | D:6      | Found a glowing drain.
  6151 | D:6      | Reached skill level 5 in Fighting
  6155 | Sewer    | Entered a sewer
  7150 | D:6      | Reached skill level 12 in Long Blades
  7315 | D:7      | Noticed Prince Ribbit
  7318 | D:7      | Noticed a two-headed ogre
  7337 | D:7      | HP: 2/75 [two-headed ogre/+0 giant club (13)]
  7350 | D:7      | Mangled by a two-headed ogre

Illustrated notes

Levels and vault maps discovered:
D:1:      heliophobic_arrival_battle_scene, layout_loops_cross
D:2:      layout_loops_corners, grunt_ministairs_4
D:3:      layout_rooms, chequers_ecumenical_altar_island,
          nicolae_ru_great_annihilating_truth, uniq_grinder, uniq_robin,
          uniq_crazy_yiuf_cottage, uniq_sigmund
D:4:      layout_loops_ring, nicolae_hepliaklqana_hazy_memory, serial_shops,
          kennysheep_little_box, tgw_xom
D:5:      layout_rooms, kennysheep_generic_room_15
D:6:      layout_basic, lemuel_doored_altar, cheibrodos_sewer_entry_bend,
          minmay_lizard_king
D:7:      layout_loops_ring, nicolae_elyvilon_temple_path,
          minmay_temple_entry_offerings, uniq_pikel, uniq_prince_ribbit1

Skill      XL: |  1  2  3  4  5  6  7  8  9 |
---------------+----------------------------+-----
Long Blades    | 4 5 6 8 11 12 | 12.0
Armour         | 2 4 5 6 7 |  7.1
Dodging        | 4 |  4.5
Fighting       | 3 4 5 |  5.7
Stealth        | 1 |  1.0
Throwing       | |  2.3

Action                   |  1- 3 |  4- 6 |  7- 9 || total
-------------------------+-------+-------+-------++-------
Melee: Long sword        |    43 |    79 |   343 ||   465
       Headbutt          |    10 |    24 |    85 ||   119
Evoke: Wand              |       |       |     2 ||     2
  Use: Potion            |     3 |       |     2 ||     5
       Scroll            |     3 |       |     4 ||     7
 Stab: Paralysed         |       |     1 |       ||     1
Armor: Leather armour    |     6 |     1 |       ||     7
       Plate armour      |       |    68 |   207 ||   275
Dodge: Dodged            |    38 |    54 |   183 ||   275
Block: Buckler           |       |       |     4 ||     4
       Rpst.: Long sword |     8 |    10 |    51 ||    69

Table legend: (Time is in decaauts)
 A = Elapsed time spent in this place.
 B = Non-inter-level travel time spent in this place.
 C = Inter-level travel time spent in this place.
 D = Time resting spent in this place.
 E = Time spent auto-exploring this place.
 F = Levels seen in this place.
 G = Mean time per level.
                   A        B        C        D        E       F      G
               +--------+--------+--------+--------+--------+-----+--------+
         Total |   7421 |   7309 |    112 |   1479 |   1916 |   8 |  927.6 |
       Dungeon |   7031 |   6919 |    112 |   1479 |   1916 |   7 | 1004.4 |
         Sewer |    390 |    390 |      0 |      0 |      0 |   1 |  390.0 |
               +--------+--------+--------+--------+--------+-----+--------+

Top non-repeatable levels by time:
     D:2: 1777 daAuts
     D:4: 1295 daAuts
     D:3: 1275 daAuts
     D:6: 1148 daAuts
     D:1: 744 daAuts
     D:5: 717 daAuts
   Sewer: 390 daAuts
     D:7: 72 daAuts
